 Dungeon Crawl Stone Soup version 0.27-a0-1116-g91b3acb (webtiles) character file.

Game seed: 13955589391591964260

305 Meow the Stinger (level 6, -7/49 HPs)
             Began as a Naga Venom Mage on May 1, 2021.
             Killed by divine providence
             ... invoked by an orc priest
              (9 damage)
             ... on level 4 of the Dungeon.
             The game lasted 00:17:43 (2279 turns).

Meow the Stinger (Naga Venom Mage)                  Turns: 2279, Time: 00:17:44

Health: -7/49      AC:  3    Str: 10    XL:     6   Next: 39%
Magic:  4/12       EV:  9    Int: 18    God:
Gold:   238        SH:  0    Dex: 11    Spells: 3/13 levels left

rFire    . . .     SeeInvis +   a - +0 hunting sling
rCold    . . .     Faith    .   (no shield)
rNeg     . . .     Spirit   .   e - +0 robe
rPois    +         Reflect  .   (no helmet)
rElec    .         Harm     .   (no cloak)
rCorr    .         Rampage  .   (no gloves)
Will     .....                  (no barding)
Stlth    ++........             (no amulet)
HPRegen  0.16/turn              h - ring of wizardry
MPRegen  0.13/turn              (no ring)

@: short of breath, very slow
A: AC +2, large, see invisible, deformed body, poison resistance, slowness 2,
spit poison 1, naga tail 1
a: Spit Poison


You were on level 4 of the Dungeon.
You visited 1 branch of the dungeon, and saw 4 of its levels.

You collected 238 gold pieces.

Inventory:

Hand Weapons
 a - a +0 hunting sling (weapon)
 b - a +1 mace of venom
 c - a +0 hand axe
Missiles
 d - 72 arrows
 f - 29 stones
 n - 21 sling bullets (quivered ammo)
Armour
 e - a +0 robe (worn)
Jewellery
 h - a ring of wizardry (left hand)
Wands
 l - a wand of mindburst (11)
Scrolls
 g - a scroll of torment
 k - a scroll of magic mapping
Potions
 i - a potion of brilliance
 j - a potion of mutation {unknown}
 m - a potion of heal wounds {unknown}
 o - a potion of attraction {unknown}
 p - a potion of lignification {unknown}


   Skills:
 - Level 1.5 Dodging
 - Level 3.0 Stealth
 + Level 4.1 Spellcasting
 - Level 1.0 Transmutations
 * Level 3.1 Ice Magic
 - Level 6.0 Poison Magic


You had 3 spell levels left.
You knew the following spells:

 Your Spells              Type           Power      Damage    Failure   Level
a - Sting                 Tmut/Pois      64%        1d6       1%          1
c - Mephitic Cloud        Conj/Pois/Air  10%        N/A       8%          3
f - Frozen Ramparts       Ice            28%        1d4       4%          3
F - Ignite Poison         Fire/Tmut/Pois 12%        N/A       7%          3

Your spell library contained the following spells:

 Spells                   Type           Power      Damage    Failure   Level
 Freeze                   Ice            56%        1d7       1%          1
 Poisonous Vapours        Pois/Air       28%        N/A       2%          2
 Ozocubu's Armour         Ice            14%        N/A       4%          3
 Olgreb's Toxic Radiance  Pois           25%        N/A       4%          4
 Hailstorm                Conj/Ice       9%         3d4       28%         4
 Metabolic Englaciation   Hex/Ice        4%         N/A       61%         5


Dungeon Overview and Level Annotations

Branches:
Dungeon (4/15)
 Temple: D:4-7

Altars:
Cheibriados
Elyvilon
Gozag
Vehumet
Xom

Shops:
D:2 [=


Innate Abilities, Weirdness & Mutations

Your serpentine skin is tough. (AC +2)
You have supernaturally acute eyesight. (SInv)
Armour fits poorly on your strangely shaped body.
Your system is resistant to poisons. (rPois)
You cover ground very slowly.
You can spit poison.
You have a snake-like lower body.


Message History

The orc wizard is engulfed in noxious fumes.
The orc priest is engulfed in noxious fumes.
The orc wizard is engulfed in noxious fumes.
The orc wizard appears confused.
The orc priest hits the orc wizard with a +0 whip.
The orc wizard is engulfed in noxious fumes.
The orc wizard appears confused.
The orc wizard hits the orc priest but does no damage.
Found a club.
The orc wizard is engulfed in noxious fumes.
The orc wizard appears confused.
The orc wizard hits the white imp but does no damage.
The white imp gestures at you. The puff of frost hits you!
* * * LOW HITPOINT WARNING * * *
Found a radiant altar of Vehumet and an opulent altar of Gozag.
Okay, then.
Unknown command.
Found a stone staircase leading down.
Casting: Mephitic Cloud (dangerous; 8% risk of failure)
Confirm with . or Enter, or press ? or * to list all spells.
Aiming: Mephitic Cloud (dangerous; 8% risk of failure)
Press: ? - help, Shift-Dir - straight line The ball explodes into a vile cloud!
Unknown command.
Press: ? - help, Shift-Dir - straight line, f - orc wizard
Aim: an orc wizard, wielding a +0 dagger and wearing a +0 robe (noxious fumes, almost dead, slightly transparent, confused)
The splash of poison hits the orc wizard.
The orc wizard is poisoned.
You kill the orc wizard!
Your Ice Magic skill increases to level 3!
Your magical contamination has completely faded away.
The white imp gestures at you. The puff of frost hits you!
* * * LOW HITPOINT WARNING * * *
There is a stone staircase leading down here.
Okay, then.
The orc priest mumbles some strange prayers to Beogh against you.
Beogh smites you!
You die...

#.(....####.o#
#.....o####..#
#..(....5...o#
##......#.##.#
##.).!...##.# #
#._..._!##o#####.##.#
.........#......)....
#._..⌠....#..5.##.##.
#............@........
._..#.#####.#...
_....#.# .. ...# #.#
.>. ... #.# .. ## #. .


You could see an orc priest and a white imp.

Vanquished Creatures
  A scorpion (D:4)
  A hound (D:4)
  A jelly (D:3)
  A bullfrog skeleton (D:4)
  An orc wizard (D:4)
  An iguana (D:4)
  A hound skeleton (D:4)
  2 adders
  A white imp (D:3)
  An adder skeleton (D:4)
  3 worms
  2 dart slugs
  2 orcs (D:4)
  4 bats
  8 endoplasms
  2 giant cockroaches
  5 goblins
  3 hobgoblins
  7 jackals
  4 quokkas
  2 ball pythons
  4 frilled lizards
  5 kobolds
  3 rats
65 creatures vanquished.

Notes
Turn   | Place    | Note
-------+----------+-------------------------------------------
     0 | D:1      | Meow the Naga Venom Mage began the quest for the Orb.
     0 | D:1      | Reached XP level 1. HP: 15/15 MP: 3/3
   553 | D:1      | Reached XP level 2. HP: 22/22 MP: 5/5
   658 | D:2      | Reached XP level 3. HP: 24/28 MP: 6/6
   662 | D:2      | Learned a level 3 spell: Mephitic Cloud
   666 | D:2      | Learned a level 3 spell: Ignite Poison
   778 | D:2      | Reached skill level 5 in Poison Magic
   932 | D:2      | Found Mommaaq's Armour Emporium.
  1104 | D:2      | Found Vasukhu's Jewellery Emporium.
  1230 | D:2      | Found Kaotor's Antique Weapon Emporium.
  1343 | D:3      | Reached XP level 4. HP: 36/36 MP: 4/8
  1655 | D:3      | Found a faded altar of an unknown god.
  1731 | D:3      | Learned a level 3 spell: Frozen Ramparts
  1868 | D:3      | Reached XP level 5. HP: 42/42 MP: 6/10
  2106 | D:4      | Reached skill level 1 in Ice Magic
  2106 | D:4      | Reached skill level 6 in Poison Magic
  2151 | D:4      | Reached XP level 6. HP: 34/49 MP: 4/12
  2244 | D:4      | Found a white marble altar of Elyvilon.
  2244 | D:4      | Found a shimmering altar of Xom.
  2252 | D:4      | Found a snail-covered altar of Cheibriados.
  2273 | D:4      | Found a radiant altar of Vehumet.
  2273 | D:4      | Found an opulent altar of Gozag.
  2278 | D:4      | HP: 2/49 [white imp/puff of frost (8)]
  2279 | D:4      | Killed from afar by an orc priest

Illustrated notes

Levels and vault maps discovered:
D:1:      erik_arrival_blinker_ship, layout_basic
D:2:      layout_rooms, serial_shops, nicolae_shop_statue_plus, shop,
          nicolae_shop_temple_entry_statues_fountains, amethyst_killhole,
          st_stairs_11, chequers_serial_rivers_room_b, minmay_hexomino_f4
D:3:      layout_loops_cross, shapermc_ecumenical_altar_mp_vishouse
D:4:      layout_loops_ring, grunt_temple_overflow_open

Skill      XL: |  1  2  3  4  5  6 |
---------------+-------------------+-----
Poison Magic   | 5 6 |  6.0
Spellcasting   | 3 4 |  4.1
Ice Magic      | 2 3 |  3.1
Dodging        | |  1.5
Stealth        | |  3.0
Transmutations | |  1.0

Action                   |  1- 3 |  4- 6 || total
-------------------------+-------+-------++-------
Melee: Club              |     4 |       ||     4
       Short sword       |     1 |       ||     1
       Hand axe          |     5 |       ||     5
       Mace              |       |    18 ||    18
 Fire: Hunting sling     |    10 |    24 ||    34
Throw: Stone             |    12 |       ||    12
 Cast: Sting             |    22 |     7 ||    29
       Mephitic Cloud    |     1 |     7 ||     8
       Ignite Poison     |       |     3 ||     3
 Abil: Spit Poison       |    35 |    23 ||    58
  Use: Scroll            |     3 |       ||     3
Armor: Robe              |     4 |     4 ||     8
Dodge: Dodged            |    14 |    14 ||    28

Table legend: (Time is in decaauts)
 A = Elapsed time spent in this place.
 B = Non-inter-level travel time spent in this place.
 C = Inter-level travel time spent in this place.
 D = Time resting spent in this place.
 E = Time spent auto-exploring this place.
 F = Levels seen in this place.
 G = Mean time per level.
                   A        B        C        D        E       F      G
               +--------+--------+--------+--------+--------+-----+--------+
         Total |   3078 |   3014 |     64 |      0 |   1756 |   4 |  769.5 |
       Dungeon |   3078 |   3014 |     64 |      0 |   1756 |   4 |  769.5 |
               +--------+--------+--------+--------+--------+-----+--------+

Top non-repeatable levels by time:
     D:3: 1000 daAuts
     D:2: 926 daAuts
     D:1: 826 daAuts
     D:4: 326 daAuts
